Map: 环轨星港

Players

oMegA - Winner!

  • Race: Protoss Protoss
  • League: Platinum

shengy

  • Race: Zerg Zerg
  • League: Platinum

VOD

Have the link to the VOD?

Description

Time

  • Played on: Dec. 26, 2015, 5:03 p.m.
  • Length: 5:06
Show
View Real Time Build Order
Export as new Build Order

oMegA Protoss - Winner!

Build Orders:  

Get SALT Encoding   

  12  0:01  Probe (Chrono Boost)  
  13  0:12  Probe (Chrono Boost)  
  14  0:23  Pylon  
  14  0:25  Probe (Chrono Boost)  
  15  0:41  Probe (Chrono Boost)  
  16  0:52  Probe (Chrono Boost)  
  18  1:07  Nexus  
  17  1:15  Forge  
  17  1:23  Pylon  
  17  1:25  Probe (Chrono Boost)  
  18  1:38  Probe (Chrono Boost)  
  19  1:48  Photon Cannon  
  19  1:53  Gateway  
  19  1:56  Probe (Chrono Boost)  
  20  2:06  Photon Cannon  
  21  2:08  Probe (Chrono Boost)  
  21  2:16  Assimilator  
  21  2:17  Assimilator  
  21  2:19  Probe (Chrono Boost)  
  21  2:22  Probe (Chrono Boost)  
  23  2:29  Probe (Chrono Boost)  
  23  2:41  Probe x2 (Chrono Boost)  
  25  2:44  Cybernetics Core  
  25  2:51  Gateway  
  25  2:53  Zealot  
  25  2:56  Probe x2 (Chrono Boost)  
  29  3:07  Probe x2 (Chrono Boost)  
  29  3:10  Pylon  
  31  3:14  Assimilator  
  31  3:17  Probe (Chrono Boost)  
  33  3:23  Pylon  
  32  3:32  Probe (Chrono Boost)  
  33  3:37  Mothership Core (Chrono Boost)  
  33  3:41  Zealot x2  
  39  3:43  Probe (Chrono Boost)  
  39  3:45  Pylon  
  40  3:53  Probe (Chrono Boost)  
  42  3:55  Probe (Chrono Boost)  
  42  4:04  Probe (Chrono Boost)  
  42  4:06  Stargate, Probe (Chrono Boost)  
  44  4:14  Probe (Chrono Boost), Stalker x2  
  50  4:17  Probe (Chrono Boost)  
  50  4:25  Probe (Chrono Boost)  
  47  4:40  Photon Cannon  
  47  4:43  Probe x2 (Chrono Boost)  
Show
View Real Time Build Order
Export as new Build Order

shengy Zerg 

Build Orders: Pool First, Zergling Baneling 

Get SALT Encoding   

  12  0:01  Drone  
  13  0:13  Drone  
  14  0:17  Overlord  
  14  0:35  Drone  
  15  0:36  Drone x2  
  17  0:48  Spawning Pool  
  16  0:50  Drone  
  16  0:54  Extractor  
  16  0:58  Drone  
  17  1:09  Drone  
  18  1:21  Hatchery  
  17  1:34  Drone x2  
  19  1:41  Queen  
  21  1:53  Metabolic Boost  
  21  1:56  Overlord  
  21  2:04  Zergling x2  
  22  2:18  Baneling Nest  
  21  2:28  Overlord  
  21  2:29  Zergling x4  
  23  2:37  Queen  
  23  2:38  Overlord  
  25  2:58  Zergling x10  
  26  2:59  Zergling x2  
  31  3:09  Zergling x2  
  31  3:10  Zergling x2  
  33  3:19  Zergling x4  
  35  3:26  Zergling x2  
  36  3:39  Zergling x2  
  36  3:40  Zergling x10  
  42  3:51  Baneling x7  
  42  3:53  Baneling  
  42  3:56  Baneling  
  42  3:57  Baneling  
  42  4:06  Zergling x2  
  42  4:07  Zergling x2  
  35  4:38  Zergling x14  
  37  4:40  Baneling x5  
Tags
 
Add a new tag
Caveats
  • Supply blocks, unpowered buildings, or Contaminate may cause inaccurate times.
  • Supply counts are checked every 10 seconds.